 Seeded DCSS version 0.28-a0-1613-gdaab1c2f9b (webtiles) character file.

Game seed: 11 (custom seed)

238 knot the Chopper (level 5, 0/41 HPs)
             Began as a Demonspawn Berserker on Jan 21, 2022.
             Was a Believer of Trog.
             Succumbed to a scorpion's poison
             ... on level 4 of the Dungeon.
             The game lasted 00:03:26 (4019 turns).

knot the Chopper (Demonspawn Berserker)             Turns: 4019, Time: 00:03:26

Health: 0/41       AC:  3    Str: 17    XL:     5   Next: 78%
Magic:  5/5        EV: 12    Int: 10    God:    Trog [**....]
Gold:   133        SH:  0    Dex: 13    Spells: 4/4 levels left

rFire   . . .      SeeInvis .   a - +0 hand axe
rCold   . . .      Faith    .   (no shield)
rNeg    . . .      Spirit   .   e - +0 leather armour
rPois   .          Reflect  .   (no helmet)
rElec   .          Harm     .   (no cloak)
rCorr   .          Rampage  .   (no gloves)
Will    ++...                   (no boots)
Stlth   +.........              (no amulet)
HPRegen 1.13/turn               (no ring)
MPRegen 0.09/turn               (no ring)

@: lethally poisoned (0 -> -5), strong-willed, on berserk cooldown,
regenerating, slowed, very slow
A: powered by death 1, sturdy frame 1
a: Renounce Religion, Berserk, Trog's Hand


You were on level 4 of the Dungeon.
You worshipped Trog.
Trog was pleased with you.
You visited 1 branch of the dungeon, and saw 4 of its levels.
You also visited: Sewer.

You collected 133 gold pieces.

Inventory:

Hand Weapons
 a - a +0 hand axe (weapon)
Missiles
 d - 39 stones (quivered)
 i - 2 boomerangs
 q - 2 atropa-tipped darts
Armour
 e - a +0 leather armour (worn)
Scrolls
 b - 5 scrolls of identify {unknown}
 k - a scroll of enchant weapon {unknown}
 l - a scroll of fog {unknown}
 o - a scroll of summoning {unknown}
 p - 2 scrolls of teleportation {unknown}
 t - a scroll of fear {unknown}
Potions
 c - 3 potions of brilliance {unknown}
 f - 3 potions of mutation {unknown}
 g - a potion of attraction {unknown}
 h - 2 potions of lignification {unknown}
 j - a potion of curing {unknown}
 m - a potion of magic {unknown}
 n - 2 potions of degeneration {unknown}
 r - 2 potions of cancellation {unknown}
 s - a potion of berserk rage {unknown}
 u - a potion of flight {unknown}


   Skills:
 - Level 3.0 Fighting
 + Level 6.0 Axes
 - Level 1.7 Armour
 - Level 1.7 Dodging


You had 4 spell levels left.
You didn't know any spells.
Your spell library contained the following spells:

 Spells                   Type           Power      Damage    Failure   Level
 Blink                    Tloc           0%         N/A       52%         2
 Manifold Assault         Tloc           0%         N/A       100%        5
 Storm Form               Tmut/Air       0%         N/A       100%        7


Dungeon Overview and Level Annotations

Branches:
Dungeon (4/15)              Sewer (visited)
 Temple: D:4-7

Altars:
Ashenzari
Cheibriados
Dithmenos
Elyvilon
Makhleb
Ru
Trog
Vehumet
Yredelemnul


Innate Abilities, Weirdness & Mutations

You regenerate a little health from kills.
Your movements are slightly less encumbered by armour. (ER -2)


Message History

You hit the scorpion.
The scorpion is lightly wounded.
The scorpion stings you!
You closely miss the scorpion.
The scorpion is lightly wounded.
The scorpion stings you.
You slash the scorpion!
The scorpion is almost dead.
The scorpion stings you.
You are poisoned.
The scorpion poisons you!
You closely miss the scorpion.
The scorpion is almost dead.
You feel very sick. The scorpion stings you!
* * * LOW HITPOINT WARNING * * *
You are lethally poisoned!
The scorpion poisons you!
You hit the scorpion.
You kill the scorpion!
Trog accepts your kill.
* * * LOW HITPOINT WARNING * * *
You feel very sick.
Your Axes skill increases to level 6!
Okay, then.
There is a lethal amount of poison in your body!
* * * LOW HITPOINT WARNING * * *
You feel very sick.
You feel a strong urge to attack something.
* * * LOW HITPOINT WARNING * * *
You feel sick.
You are no longer berserk.
You are exhausted.
You feel yourself slow down.
* * * LOW HITPOINT WARNING * * *
You feel sick.
Okay, then.
Your skin crawls.
You feel strong-willed.
You die...

### ..# ## #.#
..####.# ...#@#
#######.#.#
..........+
########.#.#
..##.....#.#
#.##.#####.#
#.##.# #.# #.##.#
#.#
#######.##.#####.#


There were no monsters in sight!

Vanquished Creatures
  A scorpion (D:4)
  A bullfrog skeleton (D:4)
  An adder (D:2)
  7 river rats
  A worm (D:2)
  A dart slug (D:3)
  An orc (D:3)
  5 endoplasms
  4 giant cockroaches
  4 goblins
  3 hobgoblins
  4 jackals
  6 kobolds
  2 quokkas
  10 ball pythons
  8 bats
  5 frilled lizards
  16 rats
80 creatures vanquished.

Notes
Turn   | Place    | Note
-------+----------+-------------------------------------------
     0 | D:1      | knot the Demonspawn Berserker began the quest for the Orb.
     0 | D:1      | Reached XP level 1. HP: 18/18 MP: 1/1
    56 | D:1      | Reached skill level 3 in Axes
    65 | D:1      | Gained mutation: You regenerate a little health from kills.
                  | [demonic ancestry]
    65 | D:1      | Reached XP level 2. HP: 8/24 MP: 2/2
   465 | D:1      | Found a faded altar of an unknown god.
  1146 | D:2      | Gained mutation: Your movements are slightly less
                  | encumbered by armour. (ER -2) [demonic ancestry]
  1146 | D:2      | Reached XP level 3. HP: 23/29 MP: 3/3
  1469 | D:2      | Reached skill level 4 in Axes
  1793 | D:2      | Reached ** piety under Trog
  2246 | D:3      | Found a glowing drain.
  2257 | D:3      | Reached XP level 4. HP: 25/35 MP: 4/4
  2262 | Sewer    | Entered a sewer
  2638 | Sewer    | Reached skill level 5 in Axes
  2937 | Sewer    | Reached XP level 5. HP: 37/41 MP: 5/5
  3728 | D:3      | Found a shadowy altar of Dithmenos.
  3731 | D:3      | Found a bloodstained altar of Trog.
  3732 | D:3      | Found a basalt altar of Yredelemnul.
  3732 | D:3      | Found a radiant altar of Vehumet.
  3732 | D:3      | Found a burning altar of Makhleb.
  3734 | D:3      | Found a broken altar of Ashenzari.
  3735 | D:3      | Found a snail-covered altar of Cheibriados.
  3737 | D:3      | Found a sacrificial altar of Ru.
  4016 | D:4      | Reached skill level 6 in Axes
  4018 | D:4      | HP: 2/41 [poisoned by a scorpion]
  4019 | D:4      | Succumbed to a scorpion's poison

Illustrated notes

Levels and vault maps discovered:
D:1:      minmay_arrival_nine_rooms, layout_rooms, basic_ecumenical_altar
D:2:      layout_basic
D:3:      layout_loops_ring, minitemple, portal_sewer_entry_b,
          lemuel_old_faithful
D:4:      layout_basic, uniq_eustachio

Skill      XL: |  1  2  3  4  5 |
---------------+----------------+-----
Axes           | 3 4 5 6 |  6.0
Fighting       | |  3.0
Armour         | |  1.7
Dodging        | |  1.7

Action                   |  1- 3 |  4- 6 || total
-------------------------+-------+-------++-------
Melee: Hand axe          |   143 |   110 ||   253
       Punch             |     1 |       ||     1
Invok: Berserk           |     3 |     4 ||     7
       Trog's Hand       |       |     1 ||     1
 Stab: Sleeping          |       |     2 ||     2
Armor: Animal skin       |     9 |       ||     9
       Leather armour    |    34 |    20 ||    54
Dodge: Dodged            |    95 |    56 ||   151

Table legend: (Time is in decaauts)
 A = Elapsed time spent in this place.
 B = Non-inter-level travel time spent in this place.
 C = Inter-level travel time spent in this place.
 D = Time resting spent in this place.
 E = Time spent auto-exploring this place.
 F = Levels seen in this place.
 G = Mean time per level.
                   A        B        C        D        E       F      G
               +--------+--------+--------+--------+--------+-----+--------+
         Total |   4139 |   4072 |     67 |   1019 |   2436 |   5 |  827.8 |
       Dungeon |   3165 |   3098 |     67 |    637 |   2054 |   4 |  791.2 |
         Sewer |    974 |    974 |      0 |    382 |    382 |   1 |  974.0 |
               +--------+--------+--------+--------+--------+-----+--------+

Top non-repeatable levels by time:
     D:2: 1356 daAuts
   Sewer: 974 daAuts
     D:1: 911 daAuts
     D:3: 665 daAuts
     D:4: 232 daAuts
